Workbook
Name Ersatzspalten: 'Especif. precios | opcional'!$I$3:$L$3
Name Ersatzspalten: 'Especif. precios | prestación'!$I$3:$L$3
Name Erstattungsart: Listas!$B$4:$B$7
Name JaNein: #REF!
Name lSFK: #REF!
Name lSFK: 'Lista de expertos(as) clave'!$B$11:$B$34
Name rZeilen: 'Especif. precios | opcional'!$N$13:$N$19
Name rZeilen: 'Especif. precios | prestación'!$N$13:$N$19
Name VENr: 'Especif. precios | opcional'!#REF!
Name VENr: 'Especif. precios | prestación'!#REF!
Name VEspalten: 'Especif. precios | opcional'!#REF!
Name VEspalten: 'Especif. precios | prestación'!#REF!

Sheet Especif. precios | prestación
A1: Especificación de precios: prestación
A2: CONFIDENTIAL
A3: N.º de contrato: | B3: 10051955 | C3: Fecha: | D3: 46287
A5: N.º de proyecto / n.º de unidad de costos: | B5: G-012321-002 | C5: Contratista:
C7: Dirección:
A9: 1. Precios fijos
A11: Partida | B11: Descripción | D11: Cantidad | E11: Retribución | F11: Total | G11: Explicaciones
A12: Suma total | F12: =D12*E12 -> 0
A13: Hito 1 | F13: =D13*E13 -> 0
A14: Hito 2 | F14: =D14*E14 -> 0
A15: Hito 3 | F15: =D15*E15 -> 0
A16: Hito 4 | F16: =D16*E16 -> 0
A17: Hito 5 | F17: =D17*E17 -> 0
A18: Hito 6 | F18: =D18*E18 -> 0
A19: Hito 7 | F19: =D19*E19 -> 0
A21: Subtotal | F21: =SUM(F12:F20) -> 0
A23: 2. Honorarios y otros costos condicionados por el contrato
A25: 2.1 Partida de honorarios | B25: Nombre | C25: Tipo de reembolso | D25: Cantidad días de experto/a | E25: Retribución | F25: Total | G25: Explicaciones
A26: Jefe/a de equipo | B26: =IFERROR(VLOOKUP(A26,'Lista de expertos(as) clave'!$B$11:$D$34,3,0)&" "&VLOOKUP(A26,'Lista de expertos(as) clave'!$B$11:$D$34,2,0),"N.N.") | C26: Monto global / cantidad | F26: =D26*E26 -> 0
A27: Experto/a clave 1 | B27: =IFERROR(VLOOKUP(A27,'Lista de expertos(as) clave'!$B$11:$D$34,3,0)&" "&VLOOKUP(A27,'Lista de expertos(as) clave'!$B$11:$D$34,2,0),"N.N.") | C27: Monto global / cantidad | D27: 20 | F27: =D27*E27 -> 0
A28: Experto/a clave 2 | B28: =IFERROR(VLOOKUP(A28,'Lista de expertos(as) clave'!$B$11:$D$34,3,0)&" "&VLOOKUP(A28,'Lista de expertos(as) clave'!$B$11:$D$34,2,0),"N.N.") | C28: Monto global / cantidad | F28: =D28*E28 -> 0
A29: Experto/a clave 3 | B29: =IFERROR(VLOOKUP(A29,'Lista de expertos(as) clave'!$B$11:$D$34,3,0)&" "&VLOOKUP(A29,'Lista de expertos(as) clave'!$B$11:$D$34,2,0),"N.N.") | C29: Monto global / cantidad | F29: =D29*E29 -> 0
A30: Experto/a clave 4 | B30: =IFERROR(VLOOKUP(A30,'Lista de expertos(as) clave'!$B$11:$D$34,3,0)&" "&VLOOKUP(A30,'Lista de expertos(as) clave'!$B$11:$D$34,2,0),"N.N.") | C30: Monto global / cantidad | F30: =D30*E30 -> 0
A31: Experto/a clave 5 | B31: =IFERROR(VLOOKUP(A31,'Lista de expertos(as) clave'!$B$11:$D$34,3,0)&" "&VLOOKUP(A31,'Lista de expertos(as) clave'!$B$11:$D$34,2,0),"N.N.") | C31: Monto global / cantidad | F31: =D31*E31 -> 0
A32: Contingente expertos/as 1 | B32: =IFERROR(VLOOKUP(A32,'Lista de expertos(as) clave'!$B$11:$D$34,3,0)&" "&VLOOKUP(A32,'Lista de expertos(as) clave'!$B$11:$D$34,2,0),"N.N.") | C32: Monto global / cantidad | F32: =D32*E32 -> 0
A33: Contingente expertos/as 2 | B33: =IFERROR(VLOOKUP(A33,'Lista de expertos(as) clave'!$B$11:$D$34,3,0)&" "&VLOOKUP(A33,'Lista de expertos(as) clave'!$B$11:$D$34,2,0),"N.N.") | C33: Monto global / cantidad | F33: =D33*E33 -> 0
A34: Contingente expertos/as 3 | B34: =IFERROR(VLOOKUP(A34,'Lista de expertos(as) clave'!$B$11:$D$34,3,0)&" "&VLOOKUP(A34,'Lista de expertos(as) clave'!$B$11:$D$34,2,0),"N.N.") | C34: Monto global / cantidad | F34: =D34*E34 -> 0
A35: Contingente expertos/as 4 | B35: =IFERROR(VLOOKUP(A35,'Lista de expertos(as) clave'!$B$11:$D$34,3,0)&" "&VLOOKUP(A35,'Lista de expertos(as) clave'!$B$11:$D$34,2,0),"N.N.") | C35: Monto global / cantidad | F35: =D35*E35 -> 0
A36: Contingente expertos/as 5 | B36: =IFERROR(VLOOKUP(A36,'Lista de expertos(as) clave'!$B$11:$D$34,3,0)&" "&VLOOKUP(A36,'Lista de expertos(as) clave'!$B$11:$D$34,2,0),"N.N.") | C36: Monto global / cantidad | F36: =D36*E36 -> 0
A38: Subtotal | F38: =SUM(F26:F37) -> 0
A40: 2.2 Partida de costos condicionados por el contrato | B40: Nombre | C40: Clave de liquidación | D40: Cantidad | E40: Precio | F40: Total | G40: Explicaciones
A41: Jefe/a de equipo | B41: =IFERROR(VLOOKUP(A41,'Lista de expertos(as) clave'!$B$11:$D$34,3,0)&" "&VLOOKUP(A41,'Lista de expertos(as) clave'!$B$11:$D$34,2,0),"N.N.") | C41: Monto global / cantidad | F41: =D41*E41 -> 0
A42: Experto/a clave 1 | B42: =IFERROR(VLOOKUP(A42,'Lista de expertos(as) clave'!$B$11:$D$34,3,0)&" "&VLOOKUP(A42,'Lista de expertos(as) clave'!$B$11:$D$34,2,0),"N.N.") | C42: Monto global / cantidad | F42: =D42*E42 -> 0
A43: Experto/a clave 2 | B43: =IFERROR(VLOOKUP(A43,'Lista de expertos(as) clave'!$B$11:$D$34,3,0)&" "&VLOOKUP(A43,'Lista de expertos(as) clave'!$B$11:$D$34,2,0),"N.N.") | C43: Monto global / cantidad | F43: =D43*E43 -> 0
A44: Experto/a clave 3 | B44: =IFERROR(VLOOKUP(A44,'Lista de expertos(as) clave'!$B$11:$D$34,3,0)&" "&VLOOKUP(A44,'Lista de expertos(as) clave'!$B$11:$D$34,2,0),"N.N.") | C44: Monto global / cantidad | F44: =D44*E44 -> 0
A45: Experto/a clave 4 | B45: =IFERROR(VLOOKUP(A45,'Lista de expertos(as) clave'!$B$11:$D$34,3,0)&" "&VLOOKUP(A45,'Lista de expertos(as) clave'!$B$11:$D$34,2,0),"N.N.") | C45: Monto global / cantidad | F45: =D45*E45 -> 0
A46: Experto/a clave 5 | B46: =IFERROR(VLOOKUP(A46,'Lista de expertos(as) clave'!$B$11:$D$34,3,0)&" "&VLOOKUP(A46,'Lista de expertos(as) clave'!$B$11:$D$34,2,0),"N.N.") | C46: Monto global / cantidad | F46: =D46*E46 -> 0
A47: Contingente expertos/as 1 | B47: =IFERROR(VLOOKUP(A47,'Lista de expertos(as) clave'!$B$11:$D$34,3,0)&" "&VLOOKUP(A47,'Lista de expertos(as) clave'!$B$11:$D$34,2,0),"N.N.") | C47: Monto global / cantidad | F47: =D47*E47 -> 0
A48: Contingente expertos/as 2 | B48: =IFERROR(VLOOKUP(A48,'Lista de expertos(as) clave'!$B$11:$D$34,3,0)&" "&VLOOKUP(A48,'Lista de expertos(as) clave'!$B$11:$D$34,2,0),"N.N.") | C48: Monto global / cantidad | F48: =D48*E48 -> 0
A49: Contingente expertos/as 3 | B49: =IFERROR(VLOOKUP(A49,'Lista de expertos(as) clave'!$B$11:$D$34,3,0)&" "&VLOOKUP(A49,'Lista de expertos(as) clave'!$B$11:$D$34,2,0),"N.N.") | C49: Monto global / cantidad | F49: =D49*E49 -> 0
A50: Contingente expertos/as 4 | B50: =IFERROR(VLOOKUP(A50,'Lista de expertos(as) clave'!$B$11:$D$34,3,0)&" "&VLOOKUP(A50,'Lista de expertos(as) clave'!$B$11:$D$34,2,0),"N.N.") | C50: Monto global / cantidad | F50: =D50*E50 -> 0
A51: Contingente expertos/as 5 | B51: =IFERROR(VLOOKUP(A51,'Lista de expertos(as) clave'!$B$11:$D$34,3,0)&" "&VLOOKUP(A51,'Lista de expertos(as) clave'!$B$11:$D$34,2,0),"N.N.") | C51: Monto global / cantidad | F51: =D51*E51 -> 0
A53: Subtotal | F53: =SUM(F41:F52) -> 0
A56: 3. Gastos de viaje
A57: Enlace a la tabla de países actual del Gobierno Federal alemán:
A58: https://www.bundesfinanzministerium.de/Content/DE/Downloads/BMF_Schreiben/Steuerarten/Lohnsteuer/2024-12-02-steuerliche-behandlung-reisekosten-2025.html (SÓLO EN ALEMÁN)
A59: Partida | B59: Subposición | C59: Tipo de reembolso | D59: Cantidad | E59: Presupuesto / precio | F59: Total | G59: Explicaciones
A60: Presupuesto total para gastos de viaje | C60: Seleccione | F60: =D60*E60 -> 0
A61: Vuelos internacionales | C61: Seleccione | F61: =D61*E61 -> 0
A62: Vuelos nacionales | C62: Seleccione | F62: =D62*E62 -> 0
A63: Compens. emisiones CO2 de los vuelos | C63: Contra justificante | F63: =D63*E63 -> 0
A64: Transporte local | C64: Monto global / cantidad | D64: 14 | F64: =D64*E64 -> 0 | G64: Transporte público terrestre. 14 viajes terrestres según el plan de trabajo para los ingresos y salidas de campo a comunidades de cobertura en Camargo.
A65: Viáticos por manutención | C65: Contra justificante | D65: 10 | F65: =D65*E65 -> 0 | G65: Hasta 10 días de trabajo de campo efectivo fuera de la base en Camargo
A66: Viáticos por pernoctación | C66: Contra justificante | D66: 10 | F66: =D66*E66 -> 0 | G66: Hasta 10 noches de pernocte fuera de la base de trabajo en Camargo
A67: Otros gastos de viaje | C67: Seleccione | F67: =D67*E67 -> 0
A68: Otros gastos de viaje | C68: Seleccione | F68: =D68*E68 -> 0
A69: Otros gastos de viaje | C69: Seleccione | F69: =D69*E69 -> 0
A70: Otros gastos de viaje | C70: Seleccione | F70: =D70*E70 -> 0
C71: Seleccione | F71: =D71*E71 -> 0
C72: Seleccione | F72: =D72*E72 -> 0
C73: Seleccione | F73: =D73*E73 -> 0
A75: Subtotal | F75: =SUM(F60:F74) -> 0
A77: 4. Otros costos
A79: Partida | C79: Clave de liquidación | D79: Cantidad | E79: Presupuesto / precio | F79: Total | G79: Explicaciones
A80: Material sesiones de capacitación | C80: Monto global / cantidad | D80: 16 | F80: =D80*E80 -> 0 | G80: Marcadores Impresiones y/o fotocopias para participantes Rotafolios entregables para cada capacitación grupal (hasta 10 pliegos).
A81: Insumos y materiales de capacitación | C81: Monto global / cantidad | D81: 1 | F81: =D81*E81 -> 0 | G81: 2 Tijera de poda 50 Bolsas de yute (puede distribuirlas en las sesiones) 4 Cajas plásticas cosechadora 4x4 mts Lona plástica
A82: Materiales de escritorio, impresiones | C82: Monto global / cantidad | D82: 1 | F82: =D82*E82 -> 0 | G82: Bolígrafos, Tablero, impresión de registros de participantes, impresiones para registro de entrega de Manuales
A83: Otros costos: [partidas individuales] | C83: Monto global / cantidad | F83: =D83*E83 -> 0
A84: Subvenciones locales | C84: Contra justificante | F84: =D84*E84 -> 0
A85: Otros costos: [partidas individuales] | C85: Monto global / cantidad | F85: =D85*E85 -> 0
A86: Otros costos: [partidas individuales] | C86: Seleccione | F86: =D86*E86 -> 0
A87: Partida retributiva flexible | C87: Contra justificante | F87: =D87*E87 -> 0
A88: Partida retributiva flexible | C88: Contra justificante | F88: =D88*E88 -> 0
A89: Partida retributiva flexible | C89: Contra justificante | F89: =D89*E89 -> 0
C90: Seleccione | F90: =D90*E90 -> 0
C91: Seleccione | F91: =D91*E91 -> 0
C92: Seleccione | F92: =D92*E92 -> 0
A94: Subtotal | F94: =SUM(F80:F93) -> 0
A96: 5. Costos totales
A98: Suma total (neta) | F98: =F94+F75+F53+F21+F38 -> 0

Sheet Especif. precios | opcional
A1: Especificación de precios | opcional
A2: CONFIDENTIAL
A3: N.º de contrato: | B3: ='Especif. precios | prestación'!B3 -> 10051955 | C3: Fecha: | D3: ='Especif. precios | prestación'!D3 -> 46287
A5: N.º de proyecto / n.º de unidad de costos: | B5: ='Especif. precios | prestación'!B5 -> G-012321-002 | C5: Contratista: | D5: ='Especif. precios | prestación'!D5 -> 0
C7: Dirección: | D7: ='Especif. precios | prestación'!D7 -> 0
A9: 1. Precios fijos
A11: Partida | B11: Descripción | D11: Cantidad | E11: Retribución | F11: Total | G11: Explicaciones
A12: Suma total | F12: =D12*E12 -> 0
A13: Hito 1 | F13: =D13*E13 -> 0
A14: Hito 2 | F14: =D14*E14 -> 0
A15: Hito 3 | F15: =D15*E15 -> 0
A16: Hito 4 | F16: =D16*E16 -> 0
A17: Hito 5 | F17: =D17*E17 -> 0
A18: Hito 6 | F18: =D18*E18 -> 0
A19: Hito 7 | F19: =D19*E19 -> 0
A21: Subtotal | F21: =SUM(F12:F20) -> 0
A23: 2. Honorarios y otros costos condicionados por el contrato
A25: 2.1 Partida de honorarios | B25: Nombre | C25: Tipo de reembolso | D25: Cantidad días de experto/a | E25: Retribución | F25: Total | G25: Explicaciones
A26: Jefe/a de equipo | B26: =IFERROR(VLOOKUP(A26,'Lista de expertos(as) clave'!$B$11:$D$34,3,0)&" "&VLOOKUP(A26,'Lista de expertos(as) clave'!$B$11:$D$34,2,0),"N.N.") | C26: Monto global / cantidad | F26: =D26*E26 -> 0
A27: Experto/a clave 1 | B27: =IFERROR(VLOOKUP(A27,'Lista de expertos(as) clave'!$B$11:$D$34,3,0)&" "&VLOOKUP(A27,'Lista de expertos(as) clave'!$B$11:$D$34,2,0),"N.N.") | C27: Monto global / cantidad | F27: =D27*E27 -> 0
A28: Experto/a clave 2 | B28: =IFERROR(VLOOKUP(A28,'Lista de expertos(as) clave'!$B$11:$D$34,3,0)&" "&VLOOKUP(A28,'Lista de expertos(as) clave'!$B$11:$D$34,2,0),"N.N.") | C28: Monto global / cantidad | F28: =D28*E28 -> 0
A29: Experto/a clave 3 | B29: =IFERROR(VLOOKUP(A29,'Lista de expertos(as) clave'!$B$11:$D$34,3,0)&" "&VLOOKUP(A29,'Lista de expertos(as) clave'!$B$11:$D$34,2,0),"N.N.") | C29: Monto global / cantidad | F29: =D29*E29 -> 0
A30: Experto/a clave 4 | B30: =IFERROR(VLOOKUP(A30,'Lista de expertos(as) clave'!$B$11:$D$34,3,0)&" "&VLOOKUP(A30,'Lista de expertos(as) clave'!$B$11:$D$34,2,0),"N.N.") | C30: Monto global / cantidad | F30: =D30*E30 -> 0
A31: Experto/a clave 5 | B31: =IFERROR(VLOOKUP(A31,'Lista de expertos(as) clave'!$B$11:$D$34,3,0)&" "&VLOOKUP(A31,'Lista de expertos(as) clave'!$B$11:$D$34,2,0),"N.N.") | C31: Monto global / cantidad | F31: =D31*E31 -> 0
A32: Contingente expertos/as 1 | B32: =IFERROR(VLOOKUP(A32,'Lista de expertos(as) clave'!$B$11:$D$34,3,0)&" "&VLOOKUP(A32,'Lista de expertos(as) clave'!$B$11:$D$34,2,0),"N.N.") | C32: Monto global / cantidad | F32: =D32*E32 -> 0
A33: Contingente expertos/as 2 | B33: =IFERROR(VLOOKUP(A33,'Lista de expertos(as) clave'!$B$11:$D$34,3,0)&" "&VLOOKUP(A33,'Lista de expertos(as) clave'!$B$11:$D$34,2,0),"N.N.") | C33: Monto global / cantidad | F33: =D33*E33 -> 0
A34: Contingente expertos/as 3 | B34: =IFERROR(VLOOKUP(A34,'Lista de expertos(as) clave'!$B$11:$D$34,3,0)&" "&VLOOKUP(A34,'Lista de expertos(as) clave'!$B$11:$D$34,2,0),"N.N.") | C34: Monto global / cantidad | F34: =D34*E34 -> 0
A35: Contingente expertos/as 4 | B35: =IFERROR(VLOOKUP(A35,'Lista de expertos(as) clave'!$B$11:$D$34,3,0)&" "&VLOOKUP(A35,'Lista de expertos(as) clave'!$B$11:$D$34,2,0),"N.N.") | C35: Monto global / cantidad | F35: =D35*E35 -> 0
A36: Contingente expertos/as 5 | B36: =IFERROR(VLOOKUP(A36,'Lista de expertos(as) clave'!$B$11:$D$34,3,0)&" "&VLOOKUP(A36,'Lista de expertos(as) clave'!$B$11:$D$34,2,0),"N.N.") | C36: Monto global / cantidad | F36: =D36*E36 -> 0
A38: Subtotal | F38: =SUM(F26:F37) -> 0
A40: 2.2 Partida de costos condicionados por el contrato | B40: Nombre | C40: Clave de liquidación | D40: Cantidad | E40: Precio | F40: Total | G40: Explicaciones
A41: Jefe/a de equipo | B41: =IFERROR(VLOOKUP(A41,'Lista de expertos(as) clave'!$B$11:$D$34,3,0)&" "&VLOOKUP(A41,'Lista de expertos(as) clave'!$B$11:$D$34,2,0),"N.N.") | C41: Monto global / cantidad | F41: =D41*E41 -> 0
A42: Experto/a clave 1 | B42: =IFERROR(VLOOKUP(A42,'Lista de expertos(as) clave'!$B$11:$D$34,3,0)&" "&VLOOKUP(A42,'Lista de expertos(as) clave'!$B$11:$D$34,2,0),"N.N.") | C42: Monto global / cantidad | F42: =D42*E42 -> 0
A43: Experto/a clave 2 | B43: =IFERROR(VLOOKUP(A43,'Lista de expertos(as) clave'!$B$11:$D$34,3,0)&" "&VLOOKUP(A43,'Lista de expertos(as) clave'!$B$11:$D$34,2,0),"N.N.") | C43: Monto global / cantidad | F43: =D43*E43 -> 0
A44: Experto/a clave 3 | B44: =IFERROR(VLOOKUP(A44,'Lista de expertos(as) clave'!$B$11:$D$34,3,0)&" "&VLOOKUP(A44,'Lista de expertos(as) clave'!$B$11:$D$34,2,0),"N.N.") | C44: Monto global / cantidad | F44: =D44*E44 -> 0
A45: Experto/a clave 4 | B45: =IFERROR(VLOOKUP(A45,'Lista de expertos(as) clave'!$B$11:$D$34,3,0)&" "&VLOOKUP(A45,'Lista de expertos(as) clave'!$B$11:$D$34,2,0),"N.N.") | C45: Monto global / cantidad | F45: =D45*E45 -> 0
A46: Experto/a clave 5 | B46: =IFERROR(VLOOKUP(A46,'Lista de expertos(as) clave'!$B$11:$D$34,3,0)&" "&VLOOKUP(A46,'Lista de expertos(as) clave'!$B$11:$D$34,2,0),"N.N.") | C46: Monto global / cantidad | F46: =D46*E46 -> 0
A47: Contingente expertos/as 1 | B47: =IFERROR(VLOOKUP(A47,'Lista de expertos(as) clave'!$B$11:$D$34,3,0)&" "&VLOOKUP(A47,'Lista de expertos(as) clave'!$B$11:$D$34,2,0),"N.N.") | C47: Monto global / cantidad | F47: =D47*E47 -> 0
A48: Contingente expertos/as 2 | B48: =IFERROR(VLOOKUP(A48,'Lista de expertos(as) clave'!$B$11:$D$34,3,0)&" "&VLOOKUP(A48,'Lista de expertos(as) clave'!$B$11:$D$34,2,0),"N.N.") | C48: Monto global / cantidad | F48: =D48*E48 -> 0
A49: Contingente expertos/as 3 | B49: =IFERROR(VLOOKUP(A49,'Lista de expertos(as) clave'!$B$11:$D$34,3,0)&" "&VLOOKUP(A49,'Lista de expertos(as) clave'!$B$11:$D$34,2,0),"N.N.") | C49: Monto global / cantidad | F49: =D49*E49 -> 0
A50: Contingente expertos/as 4 | B50: =IFERROR(VLOOKUP(A50,'Lista de expertos(as) clave'!$B$11:$D$34,3,0)&" "&VLOOKUP(A50,'Lista de expertos(as) clave'!$B$11:$D$34,2,0),"N.N.") | C50: Monto global / cantidad | F50: =D50*E50 -> 0
A51: Contingente expertos/as 5 | B51: =IFERROR(VLOOKUP(A51,'Lista de expertos(as) clave'!$B$11:$D$34,3,0)&" "&VLOOKUP(A51,'Lista de expertos(as) clave'!$B$11:$D$34,2,0),"N.N.") | C51: Monto global / cantidad | F51: =D51*E51 -> 0
A53: Subtotal | F53: =SUM(F41:F52) -> 0
A56: 3. Gastos de viaje
A57: Enlace a la tabla de países actual del Gobierno Federal alemán:
A58: https://www.bundesfinanzministerium.de/Content/DE/Downloads/BMF_Schreiben/Steuerarten/Lohnsteuer/2024-12-02-steuerliche-behandlung-reisekosten-2025.html (SÓLO EN ALEMÁN)
A59: Partida | B59: Subposición | C59: Tipo de reembolso | D59: Cantidad | E59: Presupuesto / precio | F59: Total | G59: Explicaciones
A60: Presupuesto total para gastos de viaje | C60: Seleccione | F60: =D60*E60 -> 0
A61: Vuelos internacionales | C61: Seleccione | F61: =D61*E61 -> 0
A62: Vuelos nacionales | C62: Seleccione | F62: =D62*E62 -> 0
A63: Compens. emisiones CO2 de los vuelos | C63: Contra justificante | F63: =D63*E63 -> 0
A64: Transporte | C64: Seleccione | F64: =D64*E64 -> 0
A65: Viáticos por manutención | C65: Seleccione | F65: =D65*E65 -> 0
A66: Viáticos por pernoctación | C66: Seleccione | F66: =D66*E66 -> 0
A67: Otros gastos de viaje | C67: Seleccione | F67: =D67*E67 -> 0
A68: Otros gastos de viaje | C68: Seleccione | F68: =D68*E68 -> 0
A69: Otros gastos de viaje | C69: Seleccione | F69: =D69*E69 -> 0
A70: Otros gastos de viaje | C70: Seleccione | F70: =D70*E70 -> 0
C71: Seleccione | F71: =D71*E71 -> 0
C72: Seleccione | F72: =D72*E72 -> 0
C73: Seleccione | F73: =D73*E73 -> 0
A75: Subtotal | F75: =SUM(F60:F74) -> 0
A77: 4. Otros costos
A79: Partida | C79: Clave de liquidación | D79: Cantidad | E79: Presupuesto / precio | F79: Total | G79: Explicaciones
A80: Subcontratos | C80: Seleccione | F80: =D80*E80 -> 0
A81: Bienes de equipo | C81: Seleccione | F81: =D81*E81 -> 0
A82: Costos operativos en el país de asignación | C82: Seleccione | F82: =D82*E82 -> 0
A83: Talleres | C83: Seleccione | F83: =D83*E83 -> 0
A84: Subvenciones locales | C84: Contra justificante | F84: =D84*E84 -> 0
A85: Otros costos: [partidas individuales] | C85: Seleccione | F85: =D85*E85 -> 0
A86: Otros costos: [partidas individuales] | C86: Seleccione | F86: =D86*E86 -> 0
A87: Partida retributiva flexible | C87: Contra justificante | F87: =D87*E87 -> 0
A88: Partida retributiva flexible | C88: Contra justificante | F88: =D88*E88 -> 0
A89: Partida retributiva flexible | C89: Contra justificante | F89: =D89*E89 -> 0
C90: Seleccione | F90: =D90*E90 -> 0
C91: Seleccione | F91: =D91*E91 -> 0
C92: Seleccione | F92: =D92*E92 -> 0
A94: Subtotal | F94: =SUM(F80:F93) -> 0
A96: 5. Costos totales
A98: Suma total (neta) | F98: =F94+F75+F53+F21+F38 -> 0

Sheet Suma prestación + opcional
A1: Especificación de precios: suma de prestación + prestación opcional
A2: CONFIDENTIAL
A3: N.º de contrato: | B3: ='Especif. precios | prestación'!B3 -> 10051955 | C3: Fecha: | D3: ='Especif. precios | prestación'!D3 -> 46287
A5: N.º de proyecto: | B5: ='Especif. precios | prestación'!B5 -> G-012321-002 | C5: Contratista: | D5: ='Especif. precios | prestación'!D5 -> 0
C7: Dirección: | D7: ='Especif. precios | prestación'!D7 -> 0
A9: 1. Precios fijos
A11: Subtotal | E11: ='Especif. precios | prestación'!F21+'Especif. precios | opcional'!F21 -> 0
A13: 2. Honorarios y otros costos condicionados por el contrato
A15: 2.1 Honorarios
A16: Subtotal | E16: ='Especif. precios | prestación'!F38+'Especif. precios | opcional'!F38 -> 0
A18: 2.2 Partida de costos condicionados por el contrato
A19: Subtotal | E19: ='Especif. precios | prestación'!F53+'Especif. precios | opcional'!F53 -> 0
A21: 3. Gastos de viaje
A22: Enlace a la tabla de países actual del Gobierno Federal alemán:
A23: https://www.bundesfinanzministerium.de/Content/DE/Downloads/BMF_Schreiben/Steuerarten/Lohnsteuer/2024-12-02-steuerliche-behandlung-reisekosten-2025.html (SÓLO EN ALEMÁN)
A25: Subtotal | E25: ='Especif. precios | prestación'!F75+'Especif. precios | opcional'!F75 -> 0
A27: 4. Otros costos
A29: Subtotal | E29: ='Especif. precios | prestación'!F94+'Especif. precios | opcional'!F94 -> 0
A31: 5. Costos totales
A33: Suma total (neta) | E33: ='Especif. precios | prestación'!F98+'Especif. precios | opcional'!F98 -> 0

Sheet Lista de expertos(as) clave
B2: Lista de expertos y expertas clave
B3: * Solo expertos y expertas para quienes es necesario un complemento al contrato
B4: ** Si cambia el experto o la experta clave, introduzca en las explicaciones la fecha de finalización de la asignación y el inicio de la asignación del nuevo experto o de la nueva experta clave.
B5: CONFIDENTIAL
B6: N.° de contrato: | C6: ='Especif. precios | prestación'!B3 -> 10051955 | E6: Fecha: | F6: ='Especif. precios | prestación'!D3 -> 46287
B8: N.° de proyecto: | C8: ='Especif. precios | prestación'!B5 -> G-012321-002
B10: Denominación en la especificación de precios | C10: Apellido(s) | D10: Nombre | E10: Fecha de nacimiento | F10: Lugar de residencia | G10: Explicación de los complementos al contrato
B11: Jefe/a de equipo
B12: Experto/a clave 1
B13: Experto/a clave 2
B14: Experto/a clave 3
B15: Experto/a clave 4
B16: Experto/a clave 5
B17: Experto/a clave 6
B18: Contingente expertos/as 1
B19: Contingente expertos/as 2
B20: Contingente expertos/as 3
B21: Contingente expertos/as 4
B22: Contingente expertos/as 5
B23: Contingente expertos/as 6

Sheet Listas
B3: Tipo de reembolso
B4: Seleccione
B5: Monto global / cantidad
B6: Contra justificante
B7: No procede
